 Dungeon Crawl Stone Soup version 0.24.0-10-g970556be89 (console) character file.

Game seed: 14268444156332175220, levelgen mode: deterministic

31692 AlterAsc the Grappler (level 13, -2/114 HPs)
             Began as a Red Draconian Transmuter on Nov 5, 2019.
             Was a High Priest of Sif Muna.
             Slain by a spriggan rider
             ... wielding a cursed +0 spear
              (18 damage)
             ... on level 6 of the Lair of Beasts.
             The game lasted 01:17:24 (17041 turns).

AlterAsc the Grappler (Red Draconian Transmuter)   Turns: 17041, Time: 01:17:25

Health: -2/114     AC: 23    Str: 16    XL:     13   Next: 27%
Magic:  15/23      EV: 16    Int: 18    God:    Sif Muna [*****.]
Gold:   963        SH:  6    Dex: 12    Spells: 7/26 levels left

rFire    + . .     SeeInvis .     - Unarmed
rCold    . . .     Gourm    .   (shield currently unavailable)
rNeg     . . .     Faith    .   (armour unavailable)
rPois    .         Spirit   .   C - +2 hat
rElec    .         Reflect  +   q - +2 cloak
rCorr    .         Harm     .   (gloves currently unavailable)
MR       .....                  M - +2 pair of boots
Stlth    +.........             e - +6 amulet of reflection
HPRegen  0.29/turn              P - +3 ring of intelligence
MPRegen  0.18/turn              h - +1 ring of protection

@: icy armour, blade hands (expiring), very slightly contaminated, invisible
A: breathe fire, unfitting armour, fire resistance 1, cold-blooded, AC +8
a: Breathe Fire, End Transformation, Channel Magic, Forget Spell, Divine
Exegesis, Renounce Religion


You were on level 6 of the Lair of Beasts.
You worshipped Sif Muna.
Sif Muna was extremely pleased with you.
You were not hungry.
You had blades for hands.
You visited 2 branches of the dungeon, and saw 16 of its levels.
You also visited: Volcano.

You collected 1336 gold pieces.
You spent 373 gold pieces at shops.

Inventory:

Missiles
 a - 253 arrows
Armour
 q - a +2 cloak (worn)
 C - a +2 hat (worn)
 M - a +2 pair of boots (worn)
Magical Staves
 Q - an uncursed staff of cold {unknown}
Jewellery
 e - a +6 amulet of reflection (around neck)
 h - a +1 ring of protection (right scythe-like blade)
 i - a +2 ring of dexterity
 l - an uncursed ring of protection from magic
 F - an uncursed amulet of the acrobat {unknown}
 L - an uncursed ring of resist corrosion
 O - an uncursed ring of flight
 P - a +3 ring of intelligence (left scythe-like blade)
 T - a -2 ring of evasion
Wands
 v - a wand of paralysis (26)
 y - a wand of random effects (10)
 G - a wand of polymorph (11)
 I - a wand of iceblast (4)
 U - a wand of flame (20)
Scrolls
 d - 3 scrolls of noise
 g - 7 scrolls of enchant weapon
 k - 3 scrolls of immolation
 p - 3 scrolls of random uselessness
 w - a scroll of torment {unknown}
 x - 2 scrolls of amnesia {unknown}
 A - 4 scrolls of fog
 D - 6 scrolls of remove curse
 E - 2 scrolls of holy word
 K - a scroll of magic mapping
Potions
 b - 5 potions of degeneration
 f - 2 potions of lignification
 j - 3 potions of brilliance
 n - 3 potions of mutation
 o - 2 potions of haste {unknown}
 s - 2 potions of heal wounds {unknown}
 t - 3 potions of flight
 u - 3 potions of might
 z - 2 potions of berserk rage {unknown}
 B - a potion of invisibility
 H - 2 potions of agility {unknown}
 N - a potion of cancellation {unknown}
Comestibles
 c - 27 rations
 r - 14 chunks of flesh


   Skills:
 + Level 10.6 Fighting
 + Level 7.3 Dodging
 * Level 11.8 Unarmed Combat
 - Level 7.0 Spellcasting
 - Level 3.0 Charms
 - Level 4.0 Summonings
 - Level 10.1 Transmutations
 - Level 6.6 Ice Magic


You had 7 spell levels left.
You knew the following spells:

 Your Spells              Type           Power        Failure   Level  Hunger
a - Beastly Appendage     Tmut           #####.       9%          1    None
b - Sticks to Snakes      Tmut           #####...     10%         2    None
c - Blade Hands           Tmut           #####.....   32%         5    #####..
d - Ice Form              Ice/Tmut       #####...     28%         4    ####...
e - Ozocubu's Armour      Chrm/Ice       ###.....     30%         3    ##.....
f - Summon Ice Beast      Ice/Summ       ####....     50%         4    ####...

Your spell library contained the following spells:

 Spells                   Type           Power        Failure   Level  Hunger
 Freeze                   Ice            ####         13%         1    None
 Summon Small Mammal      Summ           ###.         21%         1    None
 Infusion                 Chrm           ###.         26%         1    None
 Call Imp                 Summ           ###.....     26%         2    None
 Throw Frost              Conj/Ice       ###...       30%         2    None
 Spider Form              Tmut/Pois      ###.......   30%         3    ##.....
 Song of Slaying          Chrm           ###.....     32%         2    None
 Call Canine Familiar     Summ           ###.....     36%         3    ##.....
 Shroud of Golubria       Chrm/Tloc      ##....       43%         2    None
 Ignite Poison            Fire/Tmut/Pois ###.....     43%         3    ##.....
 Animate Skeleton         Necr           N/A          47%         1    None
 Apportation              Tloc           #.....       47%         1    None
 Confusing Touch          Hex            #.....       47%         1    None
 Sting                    Conj/Pois      #...         47%         1    None
 Summon Guardian Golem    Hex/Summ       ##......     54%         3    ##.....
 Throw Flame              Conj/Fire      #.....       56%         2    None
 Throw Icicle             Conj/Ice       ###.....     69%         4    ####...
 Conjure Flame            Conj/Fire      #.......     75%         3    ##.....
 Gell's Gravitas          Tloc           #.........   75%         3    ##.....
 Inner Flame              Hex/Fire       #.......     75%         3    ##.....
 Mephitic Cloud           Conj/Pois/Air  #.......     75%         3    ##.....
 Static Discharge         Conj/Air       #.......     75%         3    ##.....
 Alistair's Intoxication  Tmut/Pois      ###.....     78%         5    #####..
 Summon Lightning Spire   Summ/Air       ##......     83%         4    ####...
 Metabolic Englaciation   Hex/Ice        ###.......   91%         5    #####..
 Force Lance              Conj/Tloc      #.......     96%         4    ####...
 Fulminant Prism          Conj/Hex       #.........   96%         4    ####...
 Sticky Flame             Conj/Fire      #.......     96%         4    ####...
 Summon Mana Viper        Hex/Summ       ##......     98%         5    #####..
 Excruciating Wounds      Chrm/Necr      ##........   99%         5    #####..
 Iskenderun's Battlesphe  Conj/Chrm      ##......     99%         5    #####..
 Bolt of Draining         Conj/Necr      #.........   100%        5    #####..
 Bolt of Magma            Conj/Fire/Erth #.........   100%        5    #####..
 Venom Bolt               Conj/Pois      #.........   100%        5    #####..
 Freezing Cloud           Conj/Ice/Air   ##........   100%        6    #######
 Iron Shot                Conj/Erth      #.........   100%        6    #######
 Shadow Creatures         Summ           N/A          100%        6    #######
 Haunt                    Necr/Summ      ##........   100%        7    #######
 Orb of Destruction       Conj           #.........   100%        7    #######
 Spellforged Servitor     Conj/Summ      ##........   100%        7    #######
 Summon Hydra             Summ           ###.......   100%        7    #######
 Tornado                  Air            #.........   100%        9    #######


Dungeon Overview and Level Annotations

Branches:
Dungeon (10/15)            Temple (0/1) D:4            Lair (6/6) D:9
  Swamp (0/4) Lair:2       Spider (0/4) Lair:2        Slime (0/5) Lair:6
Volcano (visited)
    Orc: D:9-12

Altars:
Cheibriados
Dithmenos
Fedhas
Hepliaklqana
Kikubaaqudgha
Nemelex Xobeh
Okawaru
Qazlal
Sif Muna
Uskayaw
Yredelemnul

Shops:
D:5 [([[[

Annotations:
D:8 1 runed translucent door, Mandevil's ghost, novice TeAE
Lair:2 1 exclusion
Lair:5 Snorg
Lair:6 1 runed translucent door, Leinott's ghost, journeyman DrMo


Innate Abilities, Weirdness & Mutations

You can breathe blasts of fire.
Your fiery red scales are hard. (AC +8)
You cannot fit into any form of body armour.
Your flesh is heat resistant. (rF+)
You are cold-blooded and may be slowed by cold attacks.


Message History

Your transformation is almost over.
You block the boggart's attack. The polar bear barely misses you.
The polar bear misses you. The polar bear closely misses you.
The spriggan rider hits you but does no damage.
You strike the helpless polar bear from behind!
You slice the polar bear!!
The polar bear is severely wounded.
The boggart gestures wildly while chanting.
The boggart flickers and vanishes!
Deactivating autopickup; reactivate with Ctrl-A.
The polar bear barely misses you.
The polar bear claws you but does no damage. x2
The spriggan rider hits you but does no damage.
You shred the polar bear!!!
You kill the polar bear!
Sif Muna accepts your kill. Something hits you but does no damage.
You closely miss the spriggan.
The spriggan rider hits you from afar with a cursed +0 spear!!
You die...

**,8,*******,,,,*********,,
*♣♣,,,,,,,,,,,,,*,,,,,**,,,,*
*♣♣.,,,,,,,,,*,******,,,,,,,,**
♣♣..,,,,,,,,,**** ****♣,,,,,***
♣..,**,,,,,,** *,,..,,,,,***
♣.♣********** *,...,,**,,,**
♣♣.♣ ♣♣♣♣♣♣ *♣♣....,*****,,,
...♣♣♣....♣ ♣♣♣i...♣.,* **,,
..♣♣♣.....♣ ♣♣♣@i.....♣** ***
..♣ ♣♣....♣ ♣♣.{.♣♣♣♣...,** .♣♣
♣♣..♣♣♣♣...♣♣ ***,,,*** .♣♣
♣♣..♣♣...♣♣ **,,,,** ** ..♣
♣♣♣......♣♣♣♣♣ ****,,***,
..♣♣♣♣......♣.....♣♣♣♣ ***,,,*
♣.)♣♣.....♣♣♣♣♣♣♣..♣.♣♣♣♣ **,,,
♣.÷...♣♣♣♣♣ ♣♣♣..P♣.♣♣♣♣ *,,,
♣♣...♣♣ ♣♣...)).♣.♣♣**,,


You could see a spriggan rider and a spriggan.

Vanquished Creatures
  Erica (D:10)
  A hydra (Lair:3)
  2 death yaks (Lair:5)
  A two-headed ogre (D:9)
  Joseph (D:9)
  6 elephants (Lair:3)
  5 black mambas
  6 spiny frogs
  A torpor snail (Lair:6)
  4 komodo dragons
  2 hornets
  Grinder (D:5)
  17 blink frogs
  5 polar bears
  2 bog bodies (Lair:2)
  6 hippogriffs
  4 dream sheep (Lair:6)
  8 spriggans
  A wyvern (D:9)
  21 yaks
  A hungry ghost (D:8)
  Menkaure (D:7)
  2 swamp worms (Lair:2)
  7 water moccasins
  11 porcupines
  9 orc warriors
  A sky beast (D:5)
  5 ice beasts
  2 black bears
  An ogre (D:6)
  2 boggarts (Lair:6)
  2 centaurs
  27 wolves
  8 crocodiles
  3 big kobolds
  10 bullfrogs
  A water moccasin zombie (D:10)
  7 scorpions
  4 wights (D:9)
  A howler monkey (D:3)
  7 crimson imps
  2 lava snakes (Volcano)
  A bullfrog zombie (D:6)
  A quasit (D:5)
  6 hounds (D:8)
  5 orc wizards
  3 orc priests
  A bullfrog skeleton (D:8)
  2 jellies
  3 iguanas
  12 worker ants
  A killer bee zombie (D:5)
  A hound skeleton (D:5)
  A mummy (D:6)
  A worker ant zombie (D:6)
  11 adders
  4 shadow imps
  3 oozes
  2 adder skeletons
  4 worms
  4 dart slugs
  7 leopard geckos
  37 orcs
  2 ball pythons
  3 giant cockroaches
  10 goblins
  4 hobgoblins
  8 jackals
  4 quokkas
  12 bats
  4 frilled lizards
  A giant cockroach zombie (D:6)
  15 kobolds
  2 leopard gecko skeletons (D:4)
  A quokka skeleton (D:5)
  8 rats
  A fungus (D:7)
394 creatures vanquished.

Vanquished Creatures (collateral kills)
  Prince Ribbit (D:6)
  3 wolves (Lair:3)
  A bullfrog (Lair:3)
  A scorpion (D:4)
  4 lava snakes (Volcano)
  An iguana (D:5)
  A worker ant (D:2)
  An adder (D:4)
13 creatures vanquished.

Vanquished Creatures (others)
  A kobold (D:2)
  5 fungi
  2 plants (Lair:3)
8 creatures vanquished.

Grand Total: 415 creatures vanquished

Notes
Turn   | Place    | Note
-------+----------+-------------------------------------------
     0 | D:1      | AlterAsc the Draconian Transmuter began the quest for the
                  | Orb.
     0 | D:1      | Reached XP level 1. HP: 16/16 MP: 3/3
    87 | D:1      | Reached XP level 2. HP: 21/23 MP: 5/5
   345 | D:1      | Reached XP level 3. HP: 29/29 MP: 4/6
   684 | D:2      | Learned a level 2 spell: Sticks to Snakes
   798 | D:2      | Found a shimmering blue altar of Sif Muna.
   806 | D:2      | Became a worshipper of Sif Muna the Loreminder
   916 | D:2      | Reached XP level 4. HP: 13/36 MP: 7/7
  1248 | D:2      | Found a blossoming altar of Fedhas.
  1875 | D:3      | Noticed a bullfrog
  1882 | D:3      | Killed a bullfrog
  1882 | D:3      | Reached skill level 4 in Unarmed Combat
  1882 | D:3      | Reached XP level 5. HP: 40/42 MP: 3/9
  1958 | D:3      | Noticed a +0 dagger
  1960 | D:3      | Noticed a +0 hand axe
  1961 | D:3      | Found a hide-covered altar of Uskayaw.
  2007 | D:3      | Reached * piety under Sif Muna
  2497 | D:3      | Reached XP level 6. HP: 41/50 MP: 10/10
  2518 | D:4      | Learned a level 5 spell: Blade Hands
  2556 | D:4      | Found a staircase to the Ecumenical Temple.
  2605 | D:4      | Noticed an air elemental
  2607 | D:4      | Found a stormy altar of Qazlal.
  2608 | D:4      | Noticed a fire elemental
  2608 | D:4      | Noticed a water elemental
  2888 | D:4      | Reached skill level 5 in Unarmed Combat
  3326 | D:5      | Entered Level 5 of the Dungeon
  3334 | D:5      | Your scales start taking on a fiery red colour.
  3334 | D:5      | Reached XP level 7. HP: 57/57 MP: 10/12
  3334 | D:5      | Gained mutation: Your flesh is heat resistant. (rF+) [Red
                  | Draconian growth]
  3357 | D:5      | Reached ** piety under Sif Muna
  3402 | D:5      | Found Tischu's Armour Shoppe.
  3410 | D:5      | Bought a +0 cloak for 54 gold pieces
  3410 | D:5      | Bought a +1 hat for 132 gold pieces
  3498 | D:5      | Found a shadowy altar of Dithmenos.
  3508 | D:5      | Reached skill level 5 in Transmutations
  3596 | D:5      | Found Boapn's Antique Armour Shoppe.
  3847 | D:5      | Noticed Grinder
  3898 | D:5      | Found Cux Buefyst's Antique Weapon Emporium.
  4098 | D:5      | Found Wein's Armour Shoppe.
  4307 | D:6      | Noticed Prince Ribbit
  4324 | D:6      | Killed Prince Ribbit
  4324 | D:6      | Reached XP level 8. HP: 41/63 MP: 11/15
  4446 | D:5      | Reached skill level 5 in Spellcasting
  4451 | D:5      | Found a hazy altar of Hepliaklqana.
  4758 | D:5      | Found Asipryist's Antique Armour Emporium.
  4799 | D:5      | Found a sparkling altar of Nemelex Xobeh.
  4920 | D:5      | Killed Grinder
  5278 | D:6      | Found a shadowy altar of Dithmenos.
  5334 | D:6      | Found a hazy altar of Hepliaklqana.
  5623 | D:6      | Found a snail-covered altar of Cheibriados.
  5676 | D:7      | Noticed Menkaure
  5912 | D:7      | Killed Menkaure
  5912 | D:7      | Reached XP level 9. HP: 37/70 MP: 11/18
  6153 | D:7      | Found a stormy altar of Qazlal.
  6156 | D:7      | Found a blossoming altar of Fedhas.
  6428 | D:7      | Reached skill level 6 in Unarmed Combat
  6527 | D:7      | Reached skill level 5 in Fighting
  6646 | D:7      | Reached *** piety under Sif Muna
  6926 | D:8      | Found an ancient bone altar of Kikubaaqudgha.
  7401 | D:8      | Reached **** piety under Sif Muna
  7461 | D:8      | Found a runed translucent door.
  7473 | D:8      | Noticed Mandevil's ghost (novice TeAE)
  7520 | D:8      | Found an iron altar of Okawaru.
  7554 | D:8      | Reached skill level 7 in Unarmed Combat
  7554 | D:8      | Reached XP level 10. HP: 74/83 MP: 15/20
  8557 | D:9      | Found a staircase to the Lair.
  8876 | D:9      | Found an iron altar of Okawaru.
  8877 | D:9      | Found a basalt altar of Yredelemnul.
  8964 | D:9      | Noticed Joseph
  8980 | D:9      | Killed Joseph
  9163 | D:10     | Entered Level 10 of the Dungeon
  9206 | D:10     | Noticed a two-headed ogre
  9232 | D:9      | Killed a two-headed ogre
  9232 | D:9      | Reached skill level 8 in Unarmed Combat
  9258 | D:10     | Noticed Erica
  9356 | D:10     | Killed Erica
  9706 | D:10     | Noticed an orc knight
  9743 | D:9      | Learned a level 4 spell: Ice Form
  9782 | Lair:1   | Entered Level 1 of the Lair of Beasts
  9916 | Lair:1   | Reached XP level 11. HP: 91/94 MP: 19/21
 10032 | Lair:1   | Learned a level 3 spell: Ozocubu's Armour
 10037 | Lair:1   | Learned a level 4 spell: Summon Ice Beast
 10064 | Lair:1   | Reached skill level 5 in Dodging
 10064 | Lair:1   | Reached skill level 1 in Ice Magic
 10362 | D:5      | Bought a pair of embroidered boots for 187 gold pieces
 11282 | Lair:2   | Reached skill level 1 in Summonings
 11311 | Lair:2   | Reached skill level 1 in Charms
 11363 | Lair:2   | Reached skill level 10 in Transmutations
 11391 | Lair:2   | Found a staircase to the Swamp.
 11945 | Lair:2   | Reached ***** piety under Sif Muna
 11945 | Lair:2   | Received a gift from Sif Muna
 12121 | Lair:2   | Found a hole to the Spider Nest.
 12283 | Lair:2   | Reached skill level 5 in Ice Magic
 12944 | Lair:3   | Reached skill level 9 in Unarmed Combat
 12979 | Lair:3   | Reached XP level 12. HP: 80/103 MP: 18/22
 13015 | Lair:3   | You fall into a shaft and drop 1 floor!
 13053 | Lair:3   | Noticed a seven-headed hydra
 13064 | Lair:3   | Killed a seven-headed hydra
 13613 | Lair:3   | Reached skill level 10 in Unarmed Combat
 15169 | Lair:5   | Identified Sif Muna's Reference Book on Evil Translocation
                  | (Sif Muna gifted it to you on level 5 of the Lair of
                  | Beasts)
 15169 | Lair:5   | Received a gift from Sif Muna
 15311 | Lair:5   | Reached skill level 10 in Fighting
 15352 | Lair:5   | Noticed a death yak
 15361 | Lair:5   | Noticed a death yak
 15367 | Lair:5   | Killed a death yak
 15373 | Lair:5   | Killed a death yak
 15373 | Lair:5   | Reached skill level 11 in Unarmed Combat
 15575 | Lair:5   | Noticed Snorg
 15910 | Lair:4   | Identified 3 scrolls of acquirement
 15912 | Lair:4   | Identified the Grimoire of Ensnaring Feathers (You acquired
                  | it on level 4 of the Lair of Beasts)
 15914 | Lair:4   | Identified Nicha's Grimoire of Creation and the Blaze (You
                  | acquired it on level 4 of the Lair of Beasts)
 15916 | Lair:4   | Identified Sif Muna's Papyrus of Toxic Boosts (You acquired
                  | it on level 4 of the Lair of Beasts)
 16005 | Lair:6   | Entered Level 6 of the Lair of Beasts
 16005 | Lair:6   | Found a runed translucent door.
 16063 | Lair:6   | Reached XP level 13. HP: 100/113 MP: 15/23
 16112 | Lair:6   | Noticed Leinott's ghost (journeyman DrMo)
 16161 | Lair:6   | Found a dark tunnel.
 16168 | Volcano  | Entered a volcano
 16580 | Lair:6   | Paralysed by a hornet for 3 turns
 17027 | Lair:6   | HP: 5/114 [spriggan rider/cursed +0 spear (6)]
 17037 | Lair:6   | HP: 5/114 [spriggan rider/cursed +0 spear (3)]
 17041 | Lair:6   | Slain by a spriggan rider

Levels and vault maps discovered:
D:1:      mrwooster_arrival_statue_3, layout_loops_cross
D:2:      layout_rooms, lemuel_coloured_pillars_altar, first_ration,
          fedhas_altar_2
D:3:      layout_basic, dancing_weapons_uskayaw
D:4:      layout_basic, minmay_temple_entry_overgrown,
          nicolae_qazlal_style_of_elements
D:5:      minmay_angry_zag, layout_basic, lemuel_round_altar, serial_shops,
          shop, shop, kennysheep_mini_moat, shop, kennysheep_mini, minivault_1,
          hangedman_feature_mirror, uniq_grinder
D:6:      layout_loops_ring, slow_altar_2, lemuel_doored_altar,
          marbit_many_paths, uniq_prince_ribbit1
D:7:      old_forge, layout_basic, grunt_temple_overflow_forces_of_nature,
          the_bakery, uniq_menkaure
D:8:      layout_layer_cave, kennysheep_little_box, special_room
          [special_room_orc], ebering_ghost_reflecting_pool, okawaru_trees_2
D:9:      layout_irregular_city, chequers_temple_overflow_statue_of_worship,
          lair_entry_dummy, uniq_joseph
D:10:     minmay_razor_zed, layout_cross, minmay_misc_feat_secret_circle,
          uniq_erica, uniq_nergalle
Lair:1:   layout_layer_cave, infiniplex_staircase_pool_2
Lair:2:   layout_big_grid, nicolae_swamp_entry_splash_gauntlet,
          nicolae_spider_entry_non_spiders
Lair:3:   layout_hall_layers, portal_ice_cave_entry_pillars_2
Lair:4:   layout_hall_layers, chequers_serial_rivers_marsh,
          minmay_stone_trees_small, minivault_23
Lair:5:   layout_regular_city, beast_lair_carwin_11, serial_bayou_shore_b,
          uniq_snorg
Lair:6:   minmay_lair_end_enchanted_forest, layout_cave_pods, slime_altar_1,
          ebering_ghost_inner_flame, nicolae_volcano_entry_s_turn

Skill      XL: |  1  2  3  4  5  6  7  8  9 10 11 12 13 |
---------------+----------------------------------------+-----
Dodging        | 2 3 4 5 6 7 |  7.3
Fighting       | 2 3 6 8 10 | 10.6
Transmutations | 3 4 6 8 9 10 | 10.1
Unarmed Combat | 4 5 7 8 9 11 | 11.8
Spellcasting   | 3 4 6 7 |  7.0
Ice Magic      | 5 6 |  6.6
Summonings     | 4 |  4.0
Charms         | 3 |  3.0

Action                   |  1- 3 |  4- 6 |  7- 9 | 10-12 | 13-15 || total
-------------------------+-------+-------+-------+-------+-------++-------
Melee: Unarmed           |   139 |   156 |   402 |   558 |   102 ||  1357
       Tailslap          |    15 |    22 |    40 |    65 |    10 ||   152
       Kick              |    10 |    23 |    21 |       |       ||    54
       Headbutt          |     4 |     7 |     4 |       |       ||    15
       Punch             |     2 |     3 |    11 |     8 |     4 ||    28
 Cast: Beastly Appendage |    18 |    29 |    15 |       |       ||    62
       Sticks to Snakes  |       |    11 |     4 |    10 |       ||    25
       Blade Hands       |       |       |    23 |    69 |    13 ||   105
       Ozocubu's Armour  |       |       |       |    23 |    10 ||    33
       Ice Form          |       |       |       |     4 |       ||     4
       Summon Ice Beast  |       |       |       |     9 |     8 ||    17
Invok: Channel Magic     |       |       |     1 |       |       ||     1
 Abil: End Transformatio |     1 |       |       |       |       ||     1
       Breathe Fire      |       |       |     4 |       |       ||     4
  Use: Scroll            |       |     4 |     1 |    28 |     1 ||    34
       Potion            |       |       |       |     4 |     6 ||    10
 Stab: Distracted        |       |       |     2 |       |       ||     2
       Sleeping          |       |       |     1 |       |       ||     1
       Invisible         |       |       |       |       |     1 ||     1
  Eat: Chunk             |       |     9 |    20 |    34 |     1 ||    64
       Ration            |       |       |     2 |     5 |     2 ||     9
Armor: Skin              |    32 |    29 |    92 |   158 |    52 ||   363
Dodge: Dodged            |    65 |    56 |   187 |   321 |    80 ||   709
Block: Other             |    34 |    49 |    97 |   156 |    33 ||   369
       Reflection        |     2 |       |     1 |     5 |       ||     8
